 Dungeon Crawl Stone Soup version 0.26-a0-487-gbff1e92059 (webtiles) character file.

Game seed: 17789877573602082612

79858 MrRokkomies the Blocker (level 15, -12/103 HPs)
             Began as an Octopode Brigand on Aug 1, 2020.
             Was an Initiate of Gozag.
             Mangled by a tentacle (19 damage)
             ... attached to a kraken
             ... on level 2 of the Shoals on Aug 2, 2020.
             The game lasted 02:12:13 (29153 turns).

MrRokkomies the Blocker (Octopode Brigand)         Turns: 29153, Time: 02:12:14

Health: -12/103    AC:  3    Str: 16    XL:     15   Next: 65%
Magic:  24/24      EV: 16    Int: 19    God:    Gozag
Gold:   578        SH: 16    Dex: 15    Spells: 2/14 levels left

rFire    + . .     SeeInvis .   b - +6 rapier (elec)
rCold    + + .     Faith    .   I - +3 kite shield
rNeg     + + .     Spirit   .   X - +2 hat
rPois    .         Reflect  .   f - amulet of regeneration
rElec    .         Harm     .   j - +6 ring of strength
rCorr    +                      A - ring of magical power
MR       +....                  F - ring of protection from fire
Stlth    +++++++...             N - ring of Saenkaub {rC+ rN+ rCorr}
HPRegen  0.67/turn              d - ring of ice
MPRegen  0.19/turn              L - ring of positive energy
                                M - ring of protection from fire
                                V - ring of stealth

@: about to teleport, studying Transmutations
A: almost no armour, stealthy swim, amphibious, 8 rings, constrict 8, camouflage
1, gelatinous body 1
a: Potion Petition, Call Merchant, Bribe Branch, Renounce Religion


You were on level 2 of the Shoals.
You worshipped Gozag.
Gozag was pleased with you.
You visited 5 branches of the dungeon, and saw 25 of its levels.

You collected 8025 gold pieces.
You spent 2026 gold pieces at shops.
You paid 5421 gold pieces to Gozag.

Inventory:

Hand Weapons
 a - a +3 dagger of venom
 b - a +6 rapier of electrocution (weapon)
 e - the +6 dagger of Dydon {flame, rC+ Str+2 Int-4}
   (You found it on level 4 of the Dungeon)

   It has been specially enchanted to burn those struck by it, causing extra
   injury to most foes and up to half again as much damage against particularly
   susceptible opponents.
   It affects your strength (+2).
   It affects your intelligence (-4).
   It protects you from cold.
 R - a +3 scimitar of flaming
Missiles
 c - 5 curare-tipped darts
 l - 49 poisoned darts (quivered)
 z - 24 boomerangs
Armour
 I - a +3 kite shield (worn)
 X - a +2 hat (worn)
Magical Staves
 Q - an uncursed staff of wizardry
Jewellery
 d - a ring of ice (on tentacle)
 f - an amulet of regeneration (around mantle)
 h - an uncursed ring of flight
 j - a +6 ring of strength (left tentacle)
 y - an uncursed ring of ice
 A - a ring of magical power (right tentacle)
 E - an uncursed ring of ice
 F - a ring of protection from fire (on tentacle)
 L - a ring of positive energy (on tentacle)
 M - a ring of protection from fire (on tentacle)
 N - the ring of Saenkaub (on tentacle) {rC+ rN+ rCorr}
   (You bought it in a shop on level 9 of the Dungeon)

   [ring of resist corrosion]

   It protects you from cold.
   It protects you from negative energy.
   It provides partial protection from all sources of acid and corrosion.
 P - an uncursed amulet of the acrobat
 V - a ring of stealth (on tentacle)
Wands
 q - a wand of polymorph (7)
 r - a wand of enslavement (6)
 C - a wand of flame (17)
 J - a wand of acid (11)
 S - a wand of clouds (3)
 T - a wand of disintegration (11)
Scrolls
 o - 2 scrolls of fear
 w - 5 scrolls of amnesia
 B - 9 scrolls of remove curse
 D - 12 scrolls of identify
 G - 4 scrolls of immolation
Potions
 g - 8 potions of brilliance
 i - a potion of cancellation
 k - 7 potions of lignification
 m - a potion of haste
 n - 2 potions of mutation
 t - a potion of ambrosia
 u - 7 potions of stabbing
 v - 2 potions of resistance
 x - 4 potions of curing
Books
 W - a manual of Transmutations
Miscellaneous
 s - a phial of floods
 U - a lightning rod (4/4)


   Skills:
 - Level 10.0 Fighting
 - Level 10.0 Short Blades
 - Level 12.0 Throwing
 * Level 5.5 Dodging
 - Level 9.0 Stealth
 + Level 14.0 Shields
 - Level 5.0 Translocations
 * Level 11.1 Transmutations
 + Level 2.8 Earth Magic
 - Level 10.1 Evocations


You had 2 spell levels left.
You knew the following spells:

 Your Spells              Type           Power        Failure   Level
a - Blink                 Tloc           N/A          4%          2
b - Statue Form           Tmut/Erth      ####.....    90%         6
c - Petrify               Tmut/Erth      ####....     13%         4

Your spell library contained the following spells:

 Spells                   Type           Power        Failure   Level
 Beastly Appendage        Tmut           #####.       1%          1
 Wereblood                Tmut           #####...     1%          2
 Corona                   Hex            #......      22%         1
 Magic Dart               Conj           #...         22%         1
 Shock                    Conj/Air       #...         22%         1
 Summon Small Mammal      Summ           #...         22%         1
 Call Imp                 Summ           #.......     34%         2
 Ensorcelled Hibernation  Hex/Ice        #.....       34%         2
 Slow                     Hex            #.......     34%         2
 Swiftness                Air            #.......     34%         2
 Blade Hands              Tmut           #####.....   6%          5
 Spider Form              Tmut/Pois      ###.......   7%          3
 Gell's Gravitas          Tloc           ###.......   9%          3
 Ice Form                 Ice/Tmut       ####....     22%         4
 Hydra Form               Tmut           #####.....   34%         6
 Irradiate                Conj/Tmut      ###.......   54%         5
 Yara's Violent Unravell  Hex/Tmut       ###.......   54%         5
 Call Canine Familiar     Summ           #.......     56%         3
 Confusing Touch          Hex            #.......     56%         3
 Conjure Flame            Conj/Fire      #.......     56%         3
 Dazzling Flash           Conj/Hex       #.....       56%         3
 Mephitic Cloud           Conj/Pois/Air  #.......     56%         3
 Static Discharge         Conj/Air       #.......     56%         3
 Summon Guardian Golem    Hex/Summ       #.......     56%         3
 Tukima's Dance           Hex            #.......     56%         3
 Dragon Form              Tmut           #####.....   89%         7
 Airstrike                Air            #.........   92%         4
 Animate Dead             Necr           #.........   92%         4
 Summon Ice Beast         Ice/Summ       #.......     92%         4
 Summon Lightning Spire   Summ/Air       #.......     92%         4
 Borgnjor's Vile Clutch   Necr/Erth      #.........   98%         5
 Bolt of Magma            Conj/Fire/Erth #.........   99%         5
 Iskenderun's Battlesphe  Conj           #.......     99%         5
 Lightning Bolt           Conj/Air       #.........   99%         5
 Metabolic Englaciation   Hex/Ice        #.........   99%         5
 Death Channel            Necr           #.........   100%        6
 Iron Shot                Conj/Erth      #.........   100%        6
 Simulacrum               Ice/Necr       #.........   100%        6
 Orb of Destruction       Conj           #.........   100%        7
 Spellforged Servitor     Conj/Summ      #.........   100%        7


Dungeon Overview and Level Annotations

Branches:
Dungeon (14/15)            Temple (1/1) D:6            Lair (6/6) D:10
 Shoals (1/4) Lair:3        Snake (0/4) Lair:4        Slime (0/5) Lair:6
    Orc (2/2) D:10            Elf (0/3) Orc:2
 Vaults: D:13-14

Altars:
Ashenzari
Cheibriados
Dithmenos
Elyvilon
Fedhas
Gozag
Hepliaklqana
Kikubaaqudgha
Makhleb
Nemelex Xobeh
Okawaru
Qazlal
Ru
Sif Muna
Trog
Uskayaw
Vehumet
Wu Jian
Xom
Yredelemnul
Zin
The Shining One

Shops:
D:4 ?   D:8 *:   D:9 *   D:10 :(   Orc:2 [:*[:   Shoals:1 =

Annotations:
D:7 3 runed translucent doors, radzia's ghost, novice VSFi
D:9 2 transporters, Murumi's ghost, novice DEAE
D:14 Frances; Rupert
Lair:1 exclusion: oklob plant
Lair:2 1 runed translucent door, Ducouz's ghost, journeyman TrMo
Lair:5 exclusion: oklob plant
Lair:6 exclusion: 3 oklob plants


Innate Abilities, Weirdness & Mutations

You cannot wear most types of armour.
You are very stealthy in the water. (Stealth+)
You are amphibious.
You can wear up to eight rings at the same time.
You can use your tentacles to constrict eight enemies at once.
Your skin changes colour to match your surroundings (Stealth+).
Your rubbery body absorbs attacks. (AC +1, EV +1)


Message History

A snapping turtle, a merfolk and a merfolk siren come into view.
A kraken comes into view.
The helpless kraken fails to defend itself.
You skewer the kraken like a kebab!!!
You squeeze the kraken, but do no damage.
The kraken is moderately wounded.
Tentacles burst out of the water! 4 tentacles come into view.
As you read the scroll of teleportation, it crumbles to dust.
You feel strangely unstable. The kraken bites you!!!
You hear a shout!
You block the tentacle's attack. The tentacle slaps you!!
* * * LOW HITPOINT WARNING * * *
You block the tentacle's attack.
A tentacle segment bursts forth from the water.
The tentacle misses you. The tentacle slaps you!!
* * * LOW HITPOINT WARNING * * *
The tentacle slaps you!!
You die...
Your body crumbles into a pile of gold.

≈.......≈≈≈≈≈≈≈≈≈≈≈#
.≈≈≈≈≈≈≈≈≈≈≈≈≈≈≈≈≈≈#
≈≈≈≈≈≈≈≈≈≈≈≈≈≈≈≈≈≈≈#
..!..≈≈≈≈≈≈≈≈≈≈≈≈≈≈#
.....≈≈≈≈≈≈≈≈≈≈≈≈≈≈#
.....≈≈≈≈≈≈≈≈≈≈≈≈≈≈#
..#m.m≈≈≈≈≈≈≈≈≈≈≈≈≈#
≈≈≈≈≈≈≈≈w≈≈≈#
≈≈≈≈≈≈≈≈w@≈≈#
≈≈≈≈≈≈≈≈Xw≈≈#
≈≈≈≈≈≈≈≈≈w≈≈#
≈≈≈≈≈≈≈≈≈≈≈≈# $
≈≈≈≈≈≈≈≈≈≈≈≈#
≈≈≈≈≈≈≈≈≈≈≈≈#
≈≈≈≈≈≈≈≈≈≈≈≈#
≈≈≈≈≈≈≈≈≈≈≈≈#
≈≈≈≈≈≈≈≈≈≈≈≈#


You could see a kraken and 4 tentacles.

Vanquished Creatures
  Nikola (Shoals:1)
  Gastronok (D:11)
  Kirke (D:12)
  Azrael (D:13)
  Snorg (D:12)
  Fannar (D:12)
  5 hydras
  An alligator snapping turtle (Shoals:2)
  A merfolk avatar (Shoals:2)
  3 catoblepae (Lair:6)
  2 centaur warriors
  2 two-headed ogres
  Erica (D:11)
  A tengu warrior (D:13)
  10 death yaks
  A satyr (Shoals:2)
  Urug (D:12)
  An orc high priest (Orc:2)
  2 sea snakes
  Pikel (D:7)
  A phantasmal warrior (D:13)
  3 orc knights
  3 ugly things
  4 orc sorcerers
  3 manticores
  3 deep elf magi
  3 cyclopes
  7 elephants
  Maurice (D:11)
  2 black mambas
  Psyche (D:11)
  2 gargoyles (D:13)
  7 cane toads
  A rime drake (Lair:6)
  2 kobold demonologists (D:11)
  3 komodo dragons
  4 trolls
  3 merfolk
  2 polar bears
  2 hornets
  2 wind drakes (Shoals:2)
  5 slime creatures
  4 snapping turtles (Shoals:2)
  8 hippogriffs
  5 dream sheep (Shoals:2)
  8 blink frogs
  A meliai zombie (D:11)
  A wyvern (Lair:6)
  2 water elementals
  63 yaks
  A vampire (D:13)
  5 basilisks
  3 hogs (D:12)
  6 fire elementals (D:13)
  2 nagas (Lair:4)
  6 wargs
  A soldier ant (D:12)
  Duvessa (D:7)
  17 water moccasins
  2 hell hounds (D:13)
  8 porcupines
  2 sky beasts
  4 ice beasts
  22 orc warriors
  4 black bears
  3 phantoms
  8 wolves
  12 centaurs
  12 crocodiles
  4 lemures (D:7)
  8 ogres
  4 big kobolds
  14 bullfrogs
  Dowan (D:7)
  2 scorpions
  8 wights
  6 killer bees (D:12)
  5 howler monkeys
  8 electric eels
  2 centaur zombies (D:9)
  6 hounds
  30 orc priests
  2 bullfrog skeletons
  2 jellies
  7 hell rats
  An iguana (D:5)
  39 orc wizards
  Natasha (thrice) (D:3)
  8 worker ants
  A hound zombie (D:8)
  2 hound skeletons
  2 worker ant zombies
  A river rat (D:3)
  16 adders
  3 shadow imps
  A white imp (D:9)
  4 ufetubi
  3 oozes
  2 adder skeletons
  6 worms
  7 dart slugs
  4 leopard geckos
  90 orcs
  2 ball pythons
  3 giant cockroaches
  6 goblins
  7 hobgoblins
  7 jackals
  36 kobolds
  7 quokkas
  A ball python skeleton (D:4)
  8 bats
  6 frilled lizards
  A leopard gecko skeleton (D:4)
  A quokka skeleton (D:4)
  5 rats
  A fungus (Lair:4)
706 creatures vanquished.

Vanquished Creatures (collateral kills)
  A merfolk (Shoals:1)
  2 dream sheep (Shoals:2)
3 creatures vanquished.

Vanquished Creatures (others)
  A komodo dragon (Lair:6)
  A snapping turtle (Shoals:1)
  3 yaks (Lair:4)
  A human (D:12)
  An ogre (Orc:1)
  A big kobold (D:11)
  2 fungi
  2 plants
12 creatures vanquished.

Grand Total: 721 creatures vanquished

Notes
Turn   | Place    | Note
-------+----------+-------------------------------------------
     0 | D:1      | MrRokkomies the Octopode Brigand began the quest for the
                  | Orb.
     0 | D:1      | Reached XP level 1. HP: 14/14 MP: 1/1
   115 | D:1      | Reached XP level 2. HP: 19/19 MP: 2/2
   282 | D:1      | Reached XP level 3. HP: 9/24 MP: 3/3
  1148 | D:2      | Reached XP level 4. HP: 29/29 MP: 4/4
  1409 | D:3      | You fall into a shaft and drop 3 floors!
  1440 | D:6      | Found a staircase to the Ecumenical Temple.
  1456 | Temple   | Entered the Ecumenical Temple
  1928 | Temple   | Became a worshipper of Gozag Ym Sagoz the Greedy
  1949 | D:5      | Entered Level 5 of the Dungeon
  1967 | D:4      | Reached XP level 5. HP: 34/34 MP: 5/5
  2016 | D:4      | Reached XP level 6. HP: 39/39 MP: 6/6
  2333 | D:3      | Noticed Natasha
  2352 | D:3      | Killed Natasha
  2362 | D:3      | Noticed Natasha
  2386 | D:3      | Killed Natasha
  2639 | D:3      | Reached XP level 7. HP: 24/45 MP: 7/7
  2692 | D:3      | Noticed Natasha
  2701 | D:3      | Killed Natasha
  3147 | D:4      | Found Peick's Magic Scroll Shop.
  3167 | D:4      | Got a brightly glowing dagger
  3168 | D:4      | Identified the +6 dagger of Dydon {flame, rC+ Str+2 Int-4}
                  | (You found it on level 4 of the Dungeon)
  3705 | D:4      | Found an iron altar of Okawaru.
  3884 | D:4      | Reached skill level 5 in Throwing
  3972 | D:5      | Found a hide-covered altar of Uskayaw.
  4081 | D:5      | Found a bloodstained altar of Trog.
  4090 | D:5      | Reached skill level 5 in Short Blades
  4256 | D:5      | Reached XP level 8. HP: 46/50 MP: 8/8
  5862 | D:7      | Noticed a hornet
  5868 | D:7      | Paralysed by a hornet for 1 turns
  5871 | D:7      | Killed a hornet
  5949 | D:7      | Noticed Pikel
  6006 | D:7      | Killed Pikel
  6006 | D:7      | Reached XP level 9. HP: 32/54 MP: 9/9
  6392 | D:7      | Noticed Duvessa
  6394 | D:7      | Noticed Dowan
  6413 | D:7      | Killed Duvessa
  6417 | D:7      | Killed Dowan
  6737 | D:7      | Found a runed translucent gate.
  6737 | D:7      | Found a runed translucent gate.
  6737 | D:7      | Found a runed translucent gate.
  6737 | D:7      | Noticed radzia's ghost (novice VSFi)
  7142 | D:8      | Reached skill level 1 in Shields
  7573 | D:8      | Reached skill level 2 in Shields
  7689 | D:8      | Found Woecly's Serpentskin Sales.
  7852 | D:8      | Reached skill level 3 in Shields
  7940 | D:8      | Reached XP level 10. HP: 63/63 MP: 10/10
  8484 | D:9      | Reached skill level 4 in Shields
  8786 | D:9      | Noticed Murumi's ghost (novice DEAE)
  8790 | D:9      | Found a transporter.
  8856 | D:9      | Found a transporter.
  8909 | D:9      | Noticed a centaur warrior
  8927 | D:9      | Killed a centaur warrior
  8927 | D:9      | Reached skill level 5 in Shields
  9356 | D:9      | Reached skill level 6 in Shields
  9431 | D:9      | Bought a brightly glowing tin ring for 115 gold pieces
  9431 | D:9      | Bought a wand of paralysis (3) for 46 gold pieces
  9431 | D:9      | Bought 2 scrolls labeled IRHUEJEORGH for 46 gold pieces
  9431 | D:9      | Identified the ring of Saenkaub {rC+ rN+ rCorr} (You bought
                  | it in a shop on level 9 of the Dungeon)
  9478 | D:10     | Entered Level 10 of the Dungeon
  9532 | D:10     | Learned a level 2 spell: Blink
 10060 | D:10     | Reached XP level 11. HP: 54/70 MP: 11/11
 10287 | D:10     | Found a staircase to the Orcish Mines.
 10360 | D:10     | Found a staircase to the Lair.
 11176 | D:11     | Reached skill level 10 in Throwing
 11185 | D:11     | Noticed Psyche
 11189 | D:11     | Noticed a two-headed ogre
 11200 | D:11     | Killed Psyche
 11200 | D:11     | Reached skill level 5 in Fighting
 11221 | D:11     | Noticed Maurice
 11227 | D:11     | Killed a two-headed ogre
 11234 | D:11     | Killed Maurice
 11234 | D:11     | Reached skill level 7 in Shields
 11408 | D:11     | Noticed Erica
 11415 | D:11     | Killed Erica
 11637 | D:11     | Noticed a purple ugly thing
 11725 | D:11     | Noticed a cyclops
 11732 | D:11     | Killed a cyclops
 11753 | D:11     | Noticed Gastronok
 11940 | Lair:1   | Entered Level 1 of the Lair of Beasts
 12301 | Lair:1   | Reached skill level 8 in Shields
 12552 | Lair:1   | Noticed an oklob plant
 12748 | Lair:1   | Noticed a four-headed hydra
 12755 | Lair:1   | Killed a four-headed hydra
 12755 | Lair:1   | Reached XP level 12. HP: 79/79 MP: 12/12
 12974 | D:8      | Bought a book of Transfigurations for 605 gold pieces
 12981 | D:8      | Learned a level 6 spell: Statue Form
 13693 | Lair:2   | Noticed an eight-headed hydra
 13700 | Lair:2   | Killed an eight-headed hydra
 13700 | Lair:2   | Reached skill level 9 in Shields
 14224 | Lair:2   | Found a runed translucent door.
 14225 | Lair:2   | Found a shimmering altar of Xom.
 14225 | Lair:2   | Noticed Ducouz's ghost (journeyman TrMo)
 14622 | Lair:3   | Found a staircase to the Shoals.
 15085 | Lair:3   | Noticed a death yak
 15085 | Lair:3   | Noticed a death yak
 15464 | Lair:3   | Noticed a death yak
 15468 | Lair:3   | Noticed a death yak
 15482 | Lair:3   | Killed a death yak
 15482 | Lair:3   | Reached skill level 10 in Short Blades
 15482 | Lair:3   | Reached skill level 1 in Evocations
 15517 | Lair:3   | Killed a death yak
 15517 | Lair:3   | Reached skill level 10 in Shields
 15532 | Lair:3   | Killed a death yak
 15532 | Lair:3   | Reached skill level 1 in Translocations
 15533 | Lair:3   | Killed a death yak
 16020 | D:8      | Bought a manual of Transmutations for 1214 gold pieces
 16155 | Lair:4   | Found a staircase to the Snake Pit.
 16243 | Lair:4   | Reached XP level 13. HP: 29/86 MP: 13/13
 17328 | Lair:5   | Reached skill level 5 in Evocations
 18014 | Lair:6   | Entered Level 6 of the Lair of Beasts
 18095 | Lair:6   | Reached skill level 11 in Shields
 19088 | Lair:6   | Found a staircase to the Slime Pits.
 20014 | Lair:6   | Reached XP level 14. HP: 31/95 MP: 14/14
 20252 | Lair:6   | Reached skill level 12 in Shields
 20505 | Lair:6   | Reached skill level 5 in Translocations
 20930 | D:10     | Learned a level 4 spell: Petrify
 20978 | Orc:1    | Entered Level 1 of the Orcish Mines
 21086 | Orc:2    | Entered Level 2 of the Orcish Mines
 21097 | Orc:2    | Reached skill level 1 in Transmutations
 21283 | Orc:2    | Found Qowofaup's Book Emporium.
 21739 | Orc:1    | You fall into a shaft and drop 1 floor!
 21969 | Orc:1    | Upgraded the game from 0.26-a0-478-g6c97825307 to
                  | 0.26-a0-487-gbff1e92059
 22873 | Orc:2    | Found Bair's Book Emporium.
 22873 | Orc:2    | Found Xaetynlea's Armour Emporium.
 22873 | Orc:2    | Found Bimooch's General Store.
 22883 | Orc:2    | Found Darghis's Antique Armour Shoppe.
 23239 | Orc:2    | Found a staircase to the Elven Halls.
 23570 | D:11     | Reached skill level 5 in Transmutations
 23654 | D:11     | You fall into a shaft and drop 1 floor!
 23655 | D:12     | Noticed Urug
 23656 | D:12     | Killed Urug
 24495 | D:12     | Noticed Snorg
 24505 | D:12     | Killed Snorg
 24591 | D:12     | Noticed Fannar
 24628 | D:12     | Killed Fannar
 24863 | D:12     | Noticed Kirke
 24903 | D:12     | Killed Kirke
 24903 | D:12     | Reached skill level 13 in Shields
 25372 | D:11     | Killed Gastronok
 25885 | D:13     | Reached XP level 15. HP: 81/103 MP: 15/15
 26097 | D:13     | Noticed Azrael
 26106 | D:13     | Killed Azrael
 26310 | D:13     | Reached skill level 10 in Fighting
 26604 | D:13     | HP: 3/103 [phantasmal warrior[a death knight] (37)]
 26884 | D:13     | Reached skill level 1 in Earth Magic
 27180 | D:14     | Reached skill level 10 in Transmutations
 27184 | D:14     | Noticed Frances
 27201 | D:14     | Noticed Rupert
 27503 | Shoals:1 | Entered Level 1 of the Shoals
 27518 | Shoals:1 | Noticed Nikola
 27551 | Shoals:1 | Killed Nikola
 27551 | Shoals:1 | Reached skill level 10 in Evocations
 27864 | Shoals:1 | You fall into a shaft and drop 1 floor!
 28065 | Shoals:2 | HP: 2/103 [satyr/arrow (13)]
 28282 | Shoals:2 | Reached skill level 5 in Dodging
 29103 | Shoals:2 | Reached skill level 14 in Shields
 29143 | Shoals:2 | Noticed a kraken
 29153 | Shoals:2 | Mangled by a tentacle

Illustrated notes

Levels and vault maps discovered:
D:1:      saegor_arrival_miasma, layout_rooms
D:2:      layout_rooms, minmay_distorted
D:3:      layout_basic, cheibrodos_sewer_entry_sluice, serial_bayou,
          serial_bayou_pond_e, serial_bayou_pond_e, serial_bayou_crossing,
          serial_bayou_ford_a, uniq_natasha
D:4:      minmay_chambers_of_fours, layout_basic, serial_shops,
          nicolae_shop_stone, minmay_crystal_water, okawaru_trees_1
D:5:      layout_cave_pools, old_standard_altar, basic_altar
D:6:      layout_loops_ring, temple_green
D:7:      layout_loops_corners, gammafunk_ghost_necromancy, minmay_crystal_room,
          small_statue_intersection, uniq_duvessa, uniq_pikel
D:8:      layout_loops_corners, corexii_corridor_pit, guppyfry_shop_venom
D:9:      layout_loops_ring, gammafunk_ghost_arena
D:10:     wad_lake_hut, layout_basic, lair_entry_dummy
D:11:     layout_loops_ring, uniq_psyche, uniq_erica, uniq_maurice,
          uniq_gastronok
D:12:     layout_irregular_city, uniq_urug, uniq_fannar, uniq_kirke, uniq_snorg
D:13:     layout_loops_ring, uniq_azrael
D:14:     layout_loops_ring, erik_vaults_1, nrook_pool_corridor, kb_rosetta,
          uniq_frances, uniq_rupert
Temple:   nicolae_temple_the_god_donut
Lair:1:   layout_regular_city, infiniplex_staircase_pool, grunt_megastairs_3,
          minmay_lair_oklob_chamber, serial_bayou_shore_b
Lair:2:   layout_cave_shapes, ebering_ghost_xom, gammafunk_lair_bear_cave
Lair:3:   layout_hall_layers, minmay_shoals_entry_centaurs, ldierk_geyser,
          chequers_serial_rivers_room_b
Lair:4:   layout_roguey, guppyfry_snake_entry_island, st_stairs_7,
          lemuel_fruit_tree, lemuel_fruit_fields
Lair:5:   layout_gridlike, serial_bayou_shore_b
Lair:6:   evilmike_catoblepas_cave, layout_small_grid,
          minmay_slime_entry_oklob_enclosed, lemuel_fruit_fields,
          infiniplex_staircase_pool_2
Shoals:1: layout_shoals, uniq_nikola
Shoals:2: layout_shoals, uniq_ilsuiw
Orc:1:    nicolae_orc_accident_1, layout_diamond_mine, serial_shops, shop,
          uniq_sonja
Orc:2:    st_orc_mages, layout_caves, serial_shops,
          nicolae_shop_competitors_out_of_business, gauntlet_entry_generic,
          mines5_lemuel

Skill      XL: |  1  2  3  4  5  6  7  8  9 10 11 12 13 14 15 |
---------------+----------------------------------------------+-----
Throwing       | 3 4 5 7 8 9 11 12 | 12.0
Short Blades   | 3 4 5 6 7 8 9 10 | 10.0
Stealth        | 6 7 8 9 |  9.0
Dodging        | 2 3 4 5 |  5.5
Shields        | 3 6 8 10 11 13 14 | 14.0
Fighting       | 3 4 6 7 8 9 10 | 10.0
Evocations     | 3 7 9 10 | 10.1
Translocations | 1 4 5 |  5.0
Transmutations | 8 11 | 11.1
Earth Magic    | 2 |  2.8

Action                   |  1- 3 |  4- 6 |  7- 9 | 10-12 | 13-15 || total
-------------------------+-------+-------+-------+-------+-------++-------
Melee: Dagger            |    55 |   104 |   434 |   630 |  1472 ||  2695
       Constrict         |    14 |    28 |    74 |    62 |   142 ||   320
       Tentacles         |     3 |    18 |    80 |   138 |   378 ||   617
       Rapier            |       |       |       |       |    74 ||    74
Throw: Dart              |     9 |    45 |    27 |   132 |   158 ||   371
       Boomerang         |       |       |       |    39 |    94 ||   133
 Cast: Blink             |       |       |       |       |     7 ||     7
Invok: Call Merchant     |       |       |     1 |     1 |     3 ||     5
       Potion Petition   |       |       |       |       |     2 ||     2
Evoke: Wand              |       |       |     5 |    11 |    56 ||    72
       Phial of floods   |       |       |       |     1 |     2 ||     3
       Lightning rod     |       |       |       |       |     8 ||     8
  Use: Scroll            |     2 |     3 |     5 |    17 |    16 ||    43
       Potion            |       |       |     1 |     5 |     9 ||    15
 Stab: Distracted        |     1 |     1 |     1 |     1 |    13 ||    17
       Sleeping          |     7 |     6 |    25 |    30 |    41 ||   109
       Paralysed         |       |       |       |     1 |     8 ||     9
Armor: Skin              |     4 |     6 |    12 |    11 |    38 ||    71
Dodge: Dodged            |    30 |    54 |   173 |   171 |   318 ||   746
Block: Kite shield       |       |       |    41 |   236 |   571 ||   848

Table legend: (Time is in decaauts)
 A = Elapsed time spent in this place.
 B = Non-inter-level travel time spent in this place.
 C = Inter-level travel time spent in this place.
 D = Time resting spent in this place.
 E = Time spent auto-exploring this place.
 F = Levels seen in this place.
 G = Mean time per level.
                   A        B        C        D        E       F      G
               +--------+--------+--------+--------+--------+-----+--------+
         Total |  27910 |  26209 |   1701 |   5232 |  14709 |  25 | 1116.4 |
       Dungeon |  15174 |  14071 |   1103 |   2317 |   8385 |  14 | 1083.9 |
        Temple |    483 |    441 |     42 |      0 |    439 |   1 |  483.0 |
          Lair |   8303 |   7835 |    468 |   1569 |   4511 |   6 | 1383.8 |
        Shoals |   1582 |   1582 |      0 |    609 |    529 |   2 |  791.0 |
  Orcish Mines |   2366 |   2279 |     87 |    736 |    845 |   2 | 1183.0 |
               +--------+--------+--------+--------+--------+-----+--------+

Top non-repeatable levels by time:
  Lair:6: 2380 daAuts
    D:10: 1837 daAuts
     D:8: 1595 daAuts
    D:13: 1575 daAuts
  Lair:2: 1421 daAuts
  Lair:3: 1386 daAuts
    D:11: 1348 daAuts
    D:12: 1299 daAuts
   Orc:1: 1299 daAuts
     D:7: 1293 daAuts
Shoals:2: 1243 daAuts
     D:4: 1135 daAuts
  Lair:1: 1094 daAuts
   Orc:2: 1067 daAuts
     D:9: 1062 daAuts
